 Dungeon Crawl Stone Soup version 0.21.1-1-g345015fe64 (webtiles) character file.

3259 Loge the Destroyer (level 9, -4/45 HPs)
             Began as a Deep Elf Fire Elementalist on July 15, 2018.
             Was an Initiate of Vehumet.
             Slain by a killer bee (9 damage)
             ... on level 8 of the Dungeon.
             The game lasted 01:13:45 (13247 turns).

Loge the Destroyer (Deep Elf Fire Elementalist)    Turns: 13247, Time: 01:13:45

Health: -4/45      AC:  7    Str:  5    XL:     9   Next: 68%
Magic:  0/24       EV: 13    Int: 24    God:    Vehumet [......]
Gold:   459        SH:  0    Dex: 15    Spells: 12/27 levels left

rFire    . . .     SeeInvis .   a - +0 dagger
rCold    . . .     Gourm    .   (no shield)
rNeg     . . .     Faith    .   d - +0 robe
rPois    .         Spirit   .   j - +0 helmet
rElec    .         Reflect  .   m - +1 cloak
rCorr    .         Harm     .   z - +0 pair of gloves
MR       +....                  o - +0 pair of boots
Stlth    ++........             (no amulet)
HPRegen  0.15/turn              l - ring of protection from magic
MPRegen  0.19/turn              (no ring)

@: no status effects
A: no striking features
a: Renounce Religion


You were on level 8 of the Dungeon.
You worshipped Vehumet.
Vehumet was noncommittal.
You were not hungry.

You visited 2 branches of the dungeon, and saw 9 of its levels.

You collected 459 gold pieces.

Inventory:

Hand Weapons
 a - a +0 dagger (weapon)
 b - a +0 hunting sling
Missiles
 n - 80 bolts
 y - 85 arrows
Armour
 d - a +0 robe (worn)
 j - a +0 helmet (worn)
 m - a +1 cloak (worn)
 o - a +0 pair of boots (worn)
 z - a +0 pair of gloves (worn)
Jewellery
 l - a ring of protection from magic (left hand)
 A - an uncursed ring of magical power {unknown}
Scrolls
 f - 2 scrolls of remove curse
 g - 4 scrolls of teleportation
 h - a scroll of amnesia {unknown}
 k - a scroll of enchant weapon {unknown}
 p - a scroll of immolation {unknown}
 r - a scroll of enchant armour {unknown}
 t - 2 scrolls of blinking
 v - a scroll of magic mapping
Potions
 e - 2 potions of mutation
 i - 3 potions of curing
 s - 3 potions of heal wounds
 u - a potion of flight {unknown}
 x - a potion of might {unknown}
Books
 w - a book of Flames

   Spells                             Type                      Level
   a - Flame Tongue                   Conjuration/Fire             1
   b - Throw Flame                    Conjuration/Fire             2
   c - Conjure Flame                  Conjuration/Fire             3
   d - Inner Flame                    Hexes/Fire                   3
   e - Sticky Flame                   Conjuration/Fire             4
   f - Fireball                       Conjuration/Fire             5
Comestibles
 c - 10 rations
 q - 3 chunks of flesh


   Skills:
 - Level 2.5 Dodging
 - Level 2.5 Stealth
 + Level 9.5 Spellcasting
 * Level 10.6 Conjurations
 - Level 8.0 Fire Magic


You had 12 spell levels left.
You knew the following spells:

 Your Spells              Type           Power        Failure   Level  Hunger
a - Flame Tongue          Conj/Fire      #####        1%          1    None
b - Throw Flame           Conj/Fire      ######       1%          2    None
c - Conjure Flame         Conj/Fire      ######..     1%          3    None
d - Sticky Flame          Conj/Fire      ######..     1%          4    ##.....
e - Fireball              Conj/Fire      ######....   3%          5    ####...


Dungeon Overview and Level Annotations

Branches:
Dungeon (8/15)             Temple (1/1) D:5
   Lair: D:8-11

Altars:
Dithmenos
Fedhas
Gozag
Nemelex Xobeh
Okawaru
Uskayaw
Vehumet
Wu Jian
Xom
Yredelemnul
Zin
The Shining One

Shops:
D:8 *

Annotations:
D:1 exclusion: downstairs
D:2 exclusion: 2 downstairs


Message History

The killer bee closely misses you. x2
You miss the killer bee.
The killer bee is severely wounded.
The killer bee misses you. The killer bee barely misses you.
You hit the killer bee.
The killer bee is severely wounded.
The killer bee stings you.
* * * LOW HITPOINT WARNING * * *
The killer bee stings you.
* * * LOW HITPOINT WARNING * * *
You closely miss the killer bee.
The killer bee is severely wounded.
The killer bee barely misses you. The killer bee closely misses you.
Casting: Flame Tongue
Confirm with . or Enter, or press ? or * to list all spells.
Aiming: Flame Tongue
Press: ? - help, Shift-Dir - straight line, f/p - killer bee
Aim: a killer bee (severely wounded)
The flame tongue misses the killer bee.
The killer bee stings you!
You die...

## ###.
##...
##....
#.....###
#..∩..y@#
#.....###
##....
##...
###. ##


You could see a killer bee.

Vanquished Creatures
  A hippogriff (D:7)
  A hungry ghost (D:7)
  Menkaure (D:8)
  The ghost of phoenix381 the Magician, an amateur DEWz (D:4)
  4 sky beasts
  2 black bears (D:6)
  4 ogres
  2 phantoms
  2 centaurs
  5 bullfrogs
  A scorpion (D:4)
  2 killer bees (D:8)
  A howler monkey (D:4)
  4 crimson imps
  A bullfrog zombie (D:7)
  2 quasits
  A jelly (D:6)
  3 hounds
  4 orc priests
  3 bullfrog skeletons
  4 orc wizards
  2 iguanas
  2 worker ants
  A howler monkey zombie (D:8)
  7 adders
  6 gnolls
  A shadow imp (D:6)
  3 adder skeletons
  2 worms
  A dart slug (D:3)
  5 leopard geckos
  20 orcs
  5 bats
  7 giant cockroaches
  7 goblins
  7 hobgoblins
  5 jackals
  6 quokkas
  2 ball pythons
  4 frilled lizards
  13 kobolds
  A quokka skeleton (D:8)
  7 rats
163 creatures vanquished.

Vanquished Creatures (others)
  A bush (D:6)
  7 plants (D:6)
8 creatures vanquished.

Grand Total: 171 creatures vanquished

Notes
Turn   | Place    | Note
-------+----------+-------------------------------------------
     0 | D:1      | Loge the Deep Elf Fire Elementalist began the quest for the Orb.
     0 | D:1      | Reached XP level 1. HP: 10/10 MP: 6/6
   353 | D:1      | Reached XP level 2. HP: 15/15 MP: 6/8
   357 | D:1      | Learned a level 2 spell: Throw Flame
   995 | D:2      | Reached skill level 2 in Conjurations
  1071 | D:2      | Reached XP level 3. HP: 19/19 MP: 6/10
  1076 | D:2      | Learned a level 3 spell: Conjure Flame
  1520 | D:2      | Found an ornate altar of the Wu Jian Council.
  2301 | D:2      | Found a basalt altar of Yredelemnul.
  2409 | D:3      | Found an opulent altar of Gozag.
  2544 | D:3      | Reached skill level 3 in Conjurations
  2559 | D:3      | Reached XP level 4. HP: 24/24 MP: 2/11
  2565 | D:3      | Learned a level 4 spell: Sticky Flame
  3589 | D:3      | Reached XP level 5. HP: 28/28 MP: 3/13
  4074 | D:4      | Reached skill level 4 in Conjurations
  4445 | D:4      | Found a sparkling altar of Nemelex Xobeh.
  4464 | D:4      | Reached XP level 6. HP: 32/32 MP: 6/15
  4536 | D:4      | Reached skill level 5 in Spellcasting
  4713 | D:4      | Reached skill level 5 in Conjurations
  5236 | D:4      | Reached skill level 5 in Fire Magic
  5371 | D:4      | Reached XP level 7. HP: 36/36 MP: 8/17
  5477 | D:4      | Noticed phoenix381's ghost (amateur DEWz)
  6004 | D:5      | Entered Level 5 of the Dungeon
  6046 | D:5      | Learned a level 5 spell: Fireball
  6207 | D:4      | Killed phoenix381's ghost
  6207 | D:4      | Reached skill level 6 in Conjurations
  6725 | D:5      | Found a shimmering altar of Xom.
  7425 | D:6      | Found an ornate altar of the Wu Jian Council.
  8058 | D:5      | Reached skill level 7 in Conjurations
  8506 | D:5      | Reached XP level 8. HP: 38/41 MP: 18/20
  9709 | D:6      | Found a blossoming altar of Fedhas.
  9761 | D:6      | Reached skill level 8 in Conjurations
 10132 | D:6      | Found a hide-covered altar of Uskayaw.
 10135 | D:6      | Found a blossoming altar of Fedhas.
 10135 | D:6      | Found an iron altar of Okawaru.
 10136 | D:6      | Found a shadowy altar of Dithmenos.
 10137 | D:6      | Found a glowing golden altar of the Shining One.
 10811 | D:7      | Reached skill level 9 in Conjurations
 10878 | D:7      | Noticed Menkaure
 10989 | D:7      | Found a sparkling altar of Nemelex Xobeh.
 11067 | D:7      | Reached XP level 9. HP: 45/45 MP: 15/23
 12208 | D:5      | Found a staircase to the Ecumenical Temple.
 12217 | Temple   | Entered the Ecumenical Temple
 12256 | Temple   | Became a worshipper of Vehumet
 13080 | D:8      | Reached skill level 10 in Conjurations
 13223 | D:8      | Killed Menkaure
 13223 | D:8      | Found a glowing silver altar of Zin.
 13223 | D:8      | Found Zin's Purification Station.
 13247 | D:8      | Slain by a killer bee

Skill      XL: |  1  2  3  4  5  6  7  8  9 |
---------------+----------------------------+-----
Conjurations   | 2 3 4 5 7 9 10 | 10.6
Spellcasting   | 4 5 6 8 9 |  9.5
Fire Magic     | 4 5 6 7 8 |  8.0
Dodging        | |  2.5
Stealth        | |  2.5

Action                   |  1- 3 |  4- 6 |  7- 9 || total
-------------------------+-------+-------+-------++-------
Melee: Dagger            |     3 |       |   205 ||   208
 Fire: Hunting sling     |       |       |   100 ||   100
 Cast: Flame Tongue      |    45 |   101 |   236 ||   382
       Throw Flame       |    27 |    23 |    26 ||    76
       Conjure Flame     |     5 |     8 |    28 ||    41
  Use: Scroll            |       |       |    10 ||    10
       Potion            |       |       |     1 ||     1
 Stab: Distracted        |       |       |     1 ||     1
  Eat: Chunk             |     4 |     8 |     5 ||    17
       Ration            |     1 |       |     6 ||     7
Armor: Robe              |     1 |     5 |   121 ||   127
Dodge: Dodged            |     9 |    19 |   182 ||   210
